 Dungeon Crawl Stone Soup version 0.29.0-4-gdea44cf6ec (webtiles) character file.

Game seed: 6798068807190086309

57 qw the Chopper (level 4, -9/26 HPs)
             Began as a Tengu Warper on Aug 28, 2022.
             Mangled by Ijyb
             ... wielding a +10 club
              (14 damage)
             ... on level 3 of the Dungeon.
             The game lasted 00:00:09 (2469 turns).

qw the Chopper (Tengu Warper)                       Turns: 2469, Time: 00:00:10

Health: -9/26      AC:  5    Str: 13    XL:     4   Next: 0%
Magic:  8/8        EV: 11    Int: 17    God:
Gold:   62         SH:  0    Dex: 12    Spells: 7/7 levels left

rFire   . . .      SeeInvis .   Y - +2 hand axe
rCold   + . .      Faith    .   (no shield)
rNeg    . . .      Spirit   .   b - +0 leather armour
rPois   .          Reflect  .   (helmet restricted)
rElec   .          Harm     .   h - +0 cloak
rCorr   .          Rampage  .   m - +0 pair of gloves
Will    .....                   (boots unavailable)
Stlth   +.........              (no amulet)
HPRegen 0.08/turn               (no ring)
MPRegen 0.11/turn               (no ring)

@: no status effects
A: beak, talons 3, clever 1, cold resistance 1
a: no special abilities


You were on level 3 of the Dungeon.
You visited 1 branch of the dungeon, and saw 3 of its levels.

You collected 62 gold pieces.


Innate Abilities, Weirdness & Mutations

You have a beak for a mouth.
You have claws for feet.
Your mind is acute. (Int +4, Str/Dex -1)
Your flesh is cold resistant. (rC+)


   Skills:
 - Level 2.0 Fighting
 + Level 4.5 Axes
 - Level 1.0 Throwing
 - Level 1.1 Armour
 - Level 2.1 Dodging
 - Level 2.0 Spellcasting
 - Level 2.4 Translocations


You had 7 spell levels left.
You didn't know any spells.
Your spell library contained the following spells:

 Spells                   Type           Power      Damage    Failure   Level
 Blink                    Tloc           18%        N/A       14%         2
 Gell's Gravitas          Tloc           9%         N/A       28%         3
 Lesser Beckoning         Tloc           9%         N/A       28%         3
 Teleport Other           Tloc           9%         N/A       28%         3
 Manifold Assault         Tloc           9%         N/A       95%         5

Inventory:

Hand Weapons
 d - a +0 mace
 Y - a +2 hand axe (weapon)
Missiles
 g - 2 javelins (quivered)
Armour
 b - a +0 leather armour (worn)
 h - a +0 cloak (worn)
 m - a +0 pair of gloves (worn)
Scrolls
 k - 2 scrolls of teleportation
Potions
 a - a potion of lignification {unknown}
 c - a potion of mutation
 e - a potion of heal wounds
 f - a potion of might {unknown}
 l - a potion of flight {unknown}

Dungeon Overview and Level Annotations

Branches:
Dungeon (3/15)

Altars:

Annotations:
D:3 Ijyb


Message History

You barely miss the endoplasm.
The endoplasm hits you but does no damage.
You hit the endoplasm. You peck the endoplasm.
You kill the endoplasm!
A giant cockroach comes into view.
Throw: 5 javelins
Press: ? - help, Q - select action Shift-Dir - straight line, f - giant cockroach You throw a javelin.
The javelin closely misses the giant cockroach.
Throw: 4 javelins
Press: ? - help, Q - select action Shift-Dir - straight line, f/p - giant cockroach You throw a javelin.
The javelin barely misses the giant cockroach.
Throw: 3 javelins
Press: ? - help, Q - select action Shift-Dir - straight line, f/p - giant cockroach You throw a javelin.
The javelin pierces through the giant cockroach!
You kill the giant cockroach!
You have reached level 4!
You feel stronger.
Ijyb the Twisted Goblin comes into view.
She is wielding a +10 club and carrying a wand of iceblast (3).
Found a scale mail.
You see here a javelin.
Ijyb closely misses you.
You slash Ijyb!
Ijyb is moderately wounded.
Ijyb hits you with a +10 club!
You hit Ijyb. You peck Ijyb.
Ijyb is heavily wounded.
Ijyb closely misses you.
You miss Ijyb. Your peck misses Ijyb.
Ijyb is heavily wounded.
Ijyb hits you with a +10 club.
You hit Ijyb but do no damage. Your kick misses Ijyb.
Ijyb is heavily wounded.
Ijyb hits you with a +10 club.
You hit Ijyb but do no damage.
Ijyb is heavily wounded.
Ijyb hits you with a +10 club! x2
Ouch! That really hurt!
You die...

.....##.###.#.#.#.#
#### #.....#.#
###.#.#.# #.....# #
#.%.###
##.####...###.#
.......(......#
##..#.#.#.#####
#...(.@#...
#...#.#g#.###
.[.........
#.#.#.#.###
.##.....# ##. ..#
.. ... ## ..##


You could see Ijyb.

Vanquished Creatures
  A worm (D:2)
  4 dart slugs
  2 ball pythons (D:1)
  A bat (D:1)
  3 endoplasms
  2 giant cockroaches
  5 hobgoblins
  7 jackals
  3 quokkas
  2 frilled lizards (D:1)
  4 goblins (D:1)
  2 kobolds (D:1)
  4 rats (D:1)
40 creatures vanquished.

Vanquished Creatures (others)
  A fungus (D:1)
1 creature vanquished.

Grand Total: 41 creatures vanquished

Notes
Turn   | Place    | Note
-------+----------+-------------------------------------------
     0 | D:1      | qw the Tengu Warper began the quest for the Orb.
     0 | D:1      | Reached XP level 1. HP: 12/12 MP: 4/4
     0 | D:1      | 0 ||| qw: Version: 0.1-a-89-g26bdef1
     0 | D:1      | 0 ||| qw: Game counter: 809
     0 | D:1      | 0 ||| qw: Always use a shield: true
     0 | D:1      | 0 ||| qw: God list: Okawaru
     0 | D:1      | 0 ||| qw: Allow faded altars: false
     0 | D:1      | 0 ||| qw: Do Orc after D:15 true
     0 | D:1      | 0 ||| qw: Do second Lair branch before Depths: true
     0 | D:1      | 0 ||| qw: Lair rune preference: random
     0 | D:1      | 0 ||| qw: Plans: Normal
     0 | D:1      | 0 ||| PLANNING D:1-11
   285 | D:1      | Reached XP level 2. HP: 17/17 MP: 6/6
   293 | D:1      | Reached skill level 3 in Axes
   361 | D:1      | 361 ||| Stepping ~*~*~tactically~*~*~ (stealth).
   590 | D:1      | 590 ||| Stepping ~*~*~tactically~*~*~ (stealth).
   629 | D:1      | Reached XP level 3. HP: 21/21 MP: 7/7
   647 | D:1      | 647 ||| Stepping ~*~*~tactically~*~*~ (stealth).
   648 | D:1      | 648 ||| Stepping ~*~*~tactically~*~*~ (stealth).
   650 | D:1      | 650 ||| Stepping ~*~*~tactically~*~*~ (stealth).
   847 | D:1      | Reached skill level 4 in Axes
   987 | D:1      | 987 ||| READING scroll labelled JAMMUINURPH.
   988 | D:1      | 988 ||| READING scroll labelled ZEUSITU MEAFU.
   989 | D:1      | 989 ||| READING scroll labelled LUMITO XIDE.
   990 | D:1      | 990 ||| READING 3 scrolls labelled VAXTAO NOMAUDD.
   995 | D:1      | 995 ||| READING scroll labelled MOFASHINOY.
   996 | D:1      | 996 ||| DRINKING 2 inky potions.
   997 | D:1      | 997 ||| DROPPING scroll of blinking.
  1008 | D:2      | 1008 ||| STAIRDANCE
  1020 | D:2      | 1020 ||| STAIRDANCE
  1516 | D:2      | 1516 ||| Stepping ~*~*~tactically~*~*~ (stealth).
  1517 | D:2      | 1517 ||| Stepping ~*~*~tactically~*~*~ (stealth).
  2367 | D:2      | 2367 ||| UPGRADING to +0 cloak.
  2372 | D:2      | 2372 ||| UPGRADING to +0 pair of gloves.
  2377 | D:2      | 2377 ||| READING 2 scrolls labelled KAOT LYNOFYXTA.
  2378 | D:2      | 2378 ||| READING scroll of enchant weapon.
  2378 | D:2      | 2378 ||| ENCHANTING +1 hand axe.
  2379 | D:2      | 2379 ||| READING scroll labelled BUUCSUILOOT.
  2380 | D:2      | 2380 ||| DRINKING 2 fuming green potions.
  2380 | D:2      | Gained mutation: Your flesh is cold resistant. (rC+)
                  | [potion of mutation]
  2380 | D:2      | Gained mutation: Your mind is acute. (Int +4, Str/Dex -1)
                  | [potion of mutation]
  2458 | D:3      | Reached XP level 4. HP: 26/26 MP: 8/8
  2461 | D:3      | Noticed Ijyb
  2469 | D:3      | HP: 5/26 [Ijyb/+10 club (10)]
  2469 | D:3      | Mangled by Ijyb

Levels and vault maps discovered:
D:1:      minmay_arrival_stone_box, layout_basic, dreamdust_mushroom_princess
D:2:      layout_basic
D:3:      kennysheep_goblin_castle, layout_loops_ring,
          chequers_ecumenical_altar_grove, kennysheep_big_empty_room, uniq_ijyb,
          uniq_natasha

Skill      XL: |  1  2  3 |
---------------+----------+-----
Axes           | 3 4 |  4.5
Fighting       | |  2.0
Throwing       | |  1.0
Armour         | |  1.1
Dodging        | |  2.1
Spellcasting   | |  2.0
Translocations | |  2.4

Action                   |  1- 3 |  4- 6 || total
-------------------------+-------+-------++-------
Melee: Hand axe          |    46 |     5 ||    51
       Kick              |    15 |       ||    15
       Peck              |     8 |     1 ||     9
Throw: Boomerang         |     7 |       ||     7
       Javelin           |    37 |       ||    37
  Use: Scroll            |     8 |       ||     8
       Potion            |     2 |       ||     2
Armor: Leather armour    |     5 |       ||     5
Dodge: Dodged            |    21 |     2 ||    23

Table legend:
 A = Non-vault XP
 B = Vault XP
 C = Vault XP percentage of total XP
 D = Non-vault monster count
 E = Vault monster count
 F = Vault count percentage of total count
                 A         B        C        D         E       F
            +---------+---------+-------+---------+---------+-------
      Total |      82 |       0 |   0.0 |      40 |       0 |   0.0
            +---------+---------+-------+---------+---------+-------
        D:1 |      57 |       0 |   0.0 |      30 |       0 |   0.0
        D:2 |      21 |       0 |   0.0 |       8 |       0 |   0.0
        D:3 |       4 |       0 |   0.0 |       2 |       0 |   0.0
            +---------+---------+-------+---------+---------+-------
